 Dungeon Crawl Stone Soup version 0.25-a0-576-g50b708a4c4 (webtiles) character file.

Game seed: 4163422502962869946, levelgen mode: deterministic

73 Flugslaktarn the Covered (level 4, -8/42 HPs)
             Began as a Deep Dwarf Fighter on Mar 1, 2020.
             Killed by divine providence
             ... invoked by an orc priest
              (15 damage)
             ... on level 3 of the Dungeon.
             The game lasted 00:00:44 (851 turns).

Flugslaktarn the Covered (Deep Dwarf Fighter)        Turns: 851, Time: 00:00:45

Health: -8/42      AC:  7    Str: 20    XL:     4   Next: 8%
Magic:  4/4        EV:  7    Int:  9    God:
Gold:   92         SH:  9    Dex: 12    Spells: 3/3 levels left

rFire    . . .     SeeInvis .   a - +0 war axe
rCold    . . .     Gourm    .   c - +0 kite shield
rNeg     . . .     Faith    .   b - +0 scale mail
rPois    .         Spirit   .   (no helmet)
rElec    .         Reflect  .   (no cloak)
rCorr    .         Harm     .   (no gloves)
MR       .....                  (no boots)
Stlth    ..........             (no amulet)
HPRegen  0.00/turn              (no ring)
MPRegen  0.09/turn              (no ring)

@: non-regenerating
A: damage resistance, heal wounds, sense surroundings 1, no regeneration
a: Heal Wounds


You were on level 3 of the Dungeon.
You were not hungry.

You visited 1 branch of the dungeon, and saw 3 of its levels.

You collected 92 gold pieces.

Inventory:

Hand Weapons
 a - a +0 war axe (weapon)
Armour
 b - a +0 scale mail (worn)
 c - a +0 kite shield (worn)
Scrolls
 h - a scroll of identify {unknown}
Potions
 d - a potion of might
 g - a potion of degeneration {unknown}
 i - a potion of heal wounds {unknown}
Comestibles
 e - 3 rations
 f - 4 chunks of flesh


   Skills:
 + Level 3.1 Fighting
 * Level 3.4 Axes
 + Level 3.8 Armour
 + Level 3.8 Shields


You had 3 spell levels left.
You didn't know any spells.
Your spell library was empty.

Dungeon Overview and Level Annotations

Branches:
Dungeon (3/15)

Altars:
Cheibriados
Dithmenos
Gozag
Qazlal
Sif Muna

Shops:
D:2 *


Innate Abilities, Weirdness & Mutations

You are resistant to damage.
You can heal yourself by infusing magical energy.
You passively map a small area around you.
You do not regenerate.


Message History

You hit the orc but do no damage.
The orc is severely wounded.
You barely miss the orc priest. The orc barely misses you.
The orc hits you but does no damage. You block the orc priest's attack.
You barely miss the orc.
The orc is severely wounded.
You closely miss the orc priest. The orc closely misses you.
The orc barely misses you.
The orc priest hits you with a +0 falchion.
You block the orc's attack. The orc hits you but does no damage.
You hit the orc but do no damage.
The orc is severely wounded.
You closely miss the orc priest.
The orc priest invokes the aid of Beogh against you.
Beogh smites you!
* * * LOW HITPOINT WARNING * * *
The orc hits you but does no damage. The orc closely misses you.
The orc priest mumbles some strange prayers to Beogh against you.
Beogh smites you!
You die...

, ,, #. #. ####.# ###
.....## ##.##
......####.#.## ,
##...##.###.########
#.##......## ##ooo...).
* * #..........#
#†@###.###
.#####..####.#.#)# , *
........# *#.##.# * *
.######.# ####.# , *
##'## #.# ** ##...##
#.. , ##.....## #### ,
* ##.......## #.## ,
###........<####...##.#
**


You could see an orc priest and 2 orcs.

Vanquished Creatures
  2 adders
  A worm (D:2)
  A dart slug (D:1)
  12 orcs (D:3)
  5 goblins
  4 hobgoblins
  2 jackals (D:1)
  2 bats
  A frilled lizard (D:2)
  4 kobolds
  2 rats
36 creatures vanquished.

Notes
Turn   | Place    | Note
-------+----------+-------------------------------------------
     0 | D:1      | Flugslaktarn the Deep Dwarf Fighter began the quest for the
                  | Orb.
     0 | D:1      | Reached XP level 1. HP: 20/20 MP: 1/1
   102 | D:1      | Reached XP level 2. HP: 24/27 MP: 2/2
   371 | D:2      | Found a snail-covered altar of Cheibriados.
   405 | D:3      | Reached XP level 3. HP: 14/34 MP: 3/3
   569 | D:3      | Found a shimmering blue altar of Sif Muna.
   631 | D:3      | Found a stormy altar of Qazlal.
   669 | D:2      | Found a shadowy altar of Dithmenos.
   716 | D:2      | Found Gozag's Platinum Reserve.
   737 | D:2      | Found an opulent altar of Gozag.
   832 | D:3      | Reached XP level 4. HP: 27/42 MP: 4/4
   851 | D:3      | Killed from afar by an orc priest

Levels and vault maps discovered:
D:1:      ncdulo_halloftheorcs, layout_basic, grunt_decor_fettered
D:2:      layout_basic, lemuel_crystal_altar, cheibriados_altar_1,
          nicolae_gozag_zags_fifth_avenue
D:3:      layout_loops_corners, nicolae_qazlal_general_emergency, led_sif_pool,
          minmay_misc_feat_doors

Skill      XL: |  1  2 |
---------------+-------+-----
Fighting       | 3 |  3.1
Axes           | 3 |  3.4
Armour         | |  3.8
Shields        | |  3.8

Action                   |  1- 3 |  4- 6 || total
-------------------------+-------+-------++-------
Melee: War axe           |   119 |    19 ||   138
 Abil: Heal Wounds       |     1 |       ||     1
Armor: Scale mail        |    50 |     9 ||    59
Dodge: Dodged            |    39 |    12 ||    51
Block: Kite shield       |    56 |     8 ||    64

Table legend:
 A = Non-vault XP
 B = Vault XP
 C = Vault XP percentage of total XP
 D = Non-vault monster count
 E = Vault monster count
 F = Vault count percentage of total count
                 A         B        C        D         E       F
            +---------+---------+-------+---------+---------+-------
      Total |     105 |       0 |   0.0 |      36 |       0 |   0.0
            +---------+---------+-------+---------+---------+-------
        D:1 |      19 |       0 |   0.0 |      10 |       0 |   0.0
        D:2 |      25 |       0 |   0.0 |       6 |       0 |   0.0
        D:3 |      61 |       0 |   0.0 |      20 |       0 |   0.0
            +---------+---------+-------+---------+---------+-------
